 Dungeon Crawl Stone Soup version 0.27-a0-1191-g601b473118 (webtiles) character file.

Game seed: 18260503031382482172

719 spiderkeys the Skirmisher (level 7, -1/63 HPs)
             Began as a Hill Orc Fighter on May 24, 2021.
             Slain by an orc warrior
             ... wielding a +0 halberd
              (5 damage)
             ... on level 5 of the Dungeon.
             The game lasted 00:05:37 (4930 turns).

spiderkeys the Skirmisher (Hill Orc Fighter)        Turns: 4930, Time: 00:05:37

Health: -1/63      AC: 13    Str: 21    XL:     7   Next: 70%
Magic:  7/7        EV:  4    Int: 14    God:
Gold:   204        SH: 10    Dex: 10    Spells: 6/6 levels left

rFire    . . .     SeeInvis .   a - +0 war axe
rCold    . . .     Faith    .   c - +0 kite shield
rNeg     . . .     Spirit   .   x - +0 plate armour
rPois    .         Reflect  .   i - +0 helmet
rElec    .         Harm     .   (no cloak)
rCorr    .         Rampage  .   (no gloves)
Will     .....                  (no boots)
Stlth    ..........             g - amulet of regeneration
HPRegen  1.20/turn              I - +6 ring of intelligence
MPRegen  0.10/turn              (no ring)

@: no status effects
A: no striking features
a: no special abilities


You were on level 5 of the Dungeon.
You visited 1 branch of the dungeon, and saw 5 of its levels.

You collected 264 gold pieces.
You spent 60 gold pieces at shops.


   Skills:
 + Level 6.0 Fighting
 + Level 6.0 Axes
 + Level 5.5 Armour
 + Level 5.5 Shields


You had 6 spell levels left.
You didn't know any spells.
Your spell library was empty.

Inventory:

Hand Weapons
 a - a +0 war axe (weapon)
Missiles
 f - 20 sling bullets
 j - 74 arrows
 q - 100 stones (quivered)
 r - 5 boomerangs
 t - 40 bolts
 u - 22 poisoned darts
Armour
 b - a +0 scale mail
 c - a +0 kite shield (worn)
 i - a +0 helmet (worn)
   (You found it on level 1 of the Dungeon)
 x - a +0 plate armour (worn)
   (You found it on level 5 of the Dungeon)
Magical Staves
 e - a staff of fire {!a}
   (You found it on level 1 of the Dungeon)
Jewellery
 g - an amulet of regeneration (around neck)
   (You found it on level 3 of the Dungeon)
 F - a ring of fire
   (You found it on level 4 of the Dungeon)
 I - a +6 ring of intelligence (left hand)
   (You found it on level 3 of the Dungeon)
Scrolls
 h - 5 scrolls of fog
 l - a scroll of summoning {unknown}
 m - a scroll of blinking {!r}
 n - a scroll of teleportation {@r4}
 o - 2 scrolls of enchant armour
 p - 2 scrolls of vulnerability {!r!r}
 v - a scroll of torment {!r}
Potions
 d - 2 potions of might
 k - a potion of heal wounds {@q2}
 s - a potion of flight
 w - a potion of cancellation {unknown}

Dungeon Overview and Level Annotations

Branches:
Dungeon (5/15)
 Temple: D:4-7

Altars:
Elyvilon
Trog
Vehumet
Wu Jian

Shops:
D:2 *

Annotations:
D:3 1 runed translucent door, Dordric's ghost, amateur HOMo

#.# #.# .# #.#
.##.## ... ......
#.# ...#.#
#.###...### ..
..#####{#≈≈...≈≈#
#.#
......o@#≈..♣..≈##
#.#
.....###{........##
#.# .##
#...♣._.♣...# #.#
#...........###.#
##.#≈..♣..≈#.##..#
#..#≈≈...≈≈#.....##
+..###...###.......
#.........####...##
##.......## ##..##


You could see an orc warrior.


Message History

The orc wizard hits you but does no damage.
You hit the orc wizard. You hit something but do no damage.
You block the orc warrior's attack.
The orc wizard points at you and mumbles some strange words.
The magic dart hits you but does no damage.
Something hits you but does no damage. You block the orc warrior's attack.
You slash the orc wizard!
You kill the orc wizard!
You completely miss something. Something hits you but does no damage.
The orc warrior hits you but does no damage.
Your Axes skill increases to level 6!
The orc warrior hits you with a +0 halberd.
Items here: )) [ †. 😕 HP[-1]
You take 1 damage, and now have 62/63 hp.
You closely miss the orc warrior. You barely miss something.
Something hits you but does no damage. x2 😎 HP[+1]
Your hp is fully restored (63).
You barely miss the orc wizard. You slash the orc warrior!
You hit something but do no damage. You block the orc warrior's attack.
The orc wizard gestures at you while chanting.
The magic dart hits you but does no damage.
Something hits you but does no damage. You block the orc warrior's attack.
The orc wizard points at itself and mumbles some strange words.
The orc wizard flickers and vanishes!
Your plate armour prevents you from hitting the orc warrior.
You closely miss something. You hit something.
You hear some strange, mumbled words.
A magic dart appears from out of thin air!
The magic dart hits you but does no damage.
Something hits you but does no damage.
The orc warrior hits you with a +0 halberd! 😕 HP[-11]
You take 11 damage, and now have 52/63 hp.
You closely miss the orc warrior. You hit something.
Your shield and plate armour prevent you from hitting something.
You block something's attack. Something hits you but does no damage.
You block the orc warrior's attack. Something hits you but does no damage.
The orc warrior hits you but does no damage.
Something hits you but does no damage. 😕 HP[+2]
You regained 2 hp, and now have 54/63 hp.
You hit the orc warrior. You barely miss something. You hit something.
You block something's attack. Something hits you but does no damage.
The orc warrior hits you with a +0 halberd.
You barely miss the orc warrior. You hit something but do no damage.
You miss something. You block something's attack.
You hear some strange, mumbled words.
You are confused.
The orc warrior hits you with a +0 halberd.
Something hits you but does no damage. 😕 HP[-4]
You take 4 damage, and now have 50/63 hp.
You completely miss something. You closely miss something.
You closely miss the orc warrior.
The orc warrior hits you with a +0 halberd.
You hear some strange, mumbled words.
A magic dart appears from out of thin air!
The magic dart hits you. Something hits you.
The orc warrior hits you with a +0 halberd.
Something hits you but does no damage. 😮 HP[-8]
You take 8 damage, and now have 42/63 hp.
You bump into the rock wall.
Something hits you.
The orc warrior hits you with a +0 halberd!
Something hits you.
* * * LOW HITPOINT WARNING * * *
😨 HP[-12]
You take 12 damage, and now have 30/63 hp.
You hit the orc warrior but do no damage.
You miss something. You barely miss something.
Something hits you but does no damage.
You hear some strange, mumbled words.
Something tries to affect you, but you resist.
The orc warrior hits you with a +0 halberd!
* * * LOW HITPOINT WARNING * * *
😨 HP[-11]
You take 11 damage, and now have 19/63 hp.
You bump into the rock wall.
Something hits you but does no damage. x2
The orc warrior hits you with a +0 halberd!
* * * LOW HITPOINT WARNING * * *
😱 HP[-6]
You take 6 damage, and now have 13/63 hp.
You closely miss the orc warrior. You miss something.
You barely miss something.
You feel less confused.
Something hits you but does no damage. x2; You block the orc warrior's attack.
Something hits you but does no damage.
The orc warrior hits you with a +0 halberd!
* * * LOW HITPOINT WARNING * * *
Something hits you but does no damage. 😱 HP[-10]
You take 10 damage, and now have 3/63 hp.
You slash the orc warrior! You closely miss something. You slash something!
You hear some strange, mumbled words.
A magic dart appears from out of thin air!
The magic dart hits you but does no damage.
The orc warrior hits you with a +0 halberd.
You die...

Skill      XL: |  1  2  3  4  5  6  7 |
---------------+----------------------+-----
Axes           | 3 4 5 6 |  6.0
Fighting       | 4 5 6 |  6.0
Shields        | 4 5 |  5.5
Armour         | 4 5 |  5.5

Action                   |  1- 3 |  4- 6 |  7- 9 || total
-------------------------+-------+-------+-------++-------
Melee: War axe           |    81 |   194 |    53 ||   328
  Use: Scroll            |       |     9 |       ||     9
Armor: Scale mail        |    65 |   102 |     2 ||   169
       Plate armour      |       |       |    41 ||    41
Dodge: Dodged            |    25 |    51 |     4 ||    80
Block: Kite shield       |    55 |   115 |    36 ||   206

Levels and vault maps discovered:
D:1:      minmay_arrival_loop, layout_basic, ebering_ecumenical_altar_rust
D:2:      layout_loops_ring, serial_shops, nicolae_shop_trees
D:3:      layout_basic, nicolae_wu_jian_wuxing_cycle,
          nicolae_overflow_hidden_temple, gammafunk_temple_overflow_pools,
          ebering_ghost_reflecting_pool
D:4:      layout_basic, lightli_corner_chamber
D:5:      layout_loops_corners, elyvilon_altar_4

Notes
Turn   | Place    | Note
-------+----------+-------------------------------------------
     0 | D:1      | spiderkeys the Hill Orc Fighter began the quest for the
                  | Orb.
     0 | D:1      | Reached XP level 1. HP: 19/19 MP: 1/1
     0 | D:1      | magus.rc [v1.9.10]
   371 | D:1      | Found a faded altar of an unknown god.
   386 | D:1      | Reached XP level 2. HP: 27/27 MP: 2/2
   467 | D:1      | Reached skill level 3 in Axes
   931 | D:2      | Reached skill level 4 in Fighting
   931 | D:2      | Reached XP level 3. HP: 33/33 MP: 3/3
   996 | D:2      | Found Mabitaon's Assorted Antiques.
  1007 | D:2      | Bought a scroll labelled FIGEDE HELIFE for 15 gold pieces
  1007 | D:2      | Bought a scroll labelled OVYMY ECIFISI for 15 gold pieces
  1007 | D:2      | Bought a scroll labelled TAAZXUYCVI for 15 gold pieces
  1007 | D:2      | Bought a scroll labelled YQYPNIACEREF for 15 gold pieces
  1586 | D:2      | Reached XP level 4. HP: 40/40 MP: 4/4
  1929 | D:3      | Reached skill level 4 in Shields
  2097 | D:3      | Reached skill level 4 in Armour
  2208 | D:3      | Found an ornate altar of the Wu Jian Council.
  2414 | D:3      | Reached skill level 4 in Axes
  2485 | D:3      | Found a runed translucent door.
  2528 | D:3      | Noticed Dordric's ghost (amateur HOMo)
  2880 | D:3      | Found a bloodstained altar of Trog.
  2880 | D:3      | Found a radiant altar of Vehumet.
  3064 | D:3      | Reached XP level 5. HP: 28/47 MP: 5/5
  3423 | D:4      | Noticed a hornet
  3423 | D:4      | Noticed a hornet
  3657 | D:4      | Noticed a phantom
  3683 | D:4      | Killed a phantom
  3684 | D:4      | Reached skill level 5 in Fighting
  3684 | D:4      | Reached XP level 6. HP: 54/56 MP: 6/6
  3722 | D:4      | Reached skill level 5 in Axes
  4117 | D:5      | Entered Level 5 of the Dungeon
  4121 | D:5      | Noticed a sky beast
  4134 | D:5      | Killed a sky beast
  4135 | D:5      | Reached skill level 5 in Armour
  4135 | D:5      | Reached skill level 5 in Shields
  4135 | D:5      | Reached XP level 7. HP: 61/61 MP: 7/7
  4473 | D:5      | Found a white marble altar of Elyvilon.
  4870 | D:5      | Reached skill level 6 in Fighting
  4918 | D:5      | Reached skill level 6 in Axes
  4928 | D:5      | HP: 13/63 [orc warrior/+0 halberd (7)]
  4929 | D:5      | HP: 3/63 [orc warrior/+0 halberd (12)]
  4930 | D:5      | Slain by an orc warrior

Vanquished Creatures
  A sky beast (D:5)
  An ice beast (D:5)
  An ogre (D:4)
  A phantom (D:4)
  A bullfrog zombie (D:5)
  A jelly (D:5)
  A hound (D:5)
  A gnoll shaman (D:3)
  An iguana (D:5)
  2 orc wizards
  A hound skeleton (D:4)
  3 gnolls
  5 adders
  An ufetubus (D:3)
  2 worms
  2 dart slugs
  7 orcs
  7 endoplasms
  6 goblins
  6 hobgoblins
  11 jackals
  5 kobolds
  4 quokkas
  2 ball pythons
  6 bats
  2 frilled lizards
  7 rats
88 creatures vanquished.

Vanquished Creatures (others)
  An orc (D:5)
  A quokka (D:5)
2 creatures vanquished.

Grand Total: 90 creatures vanquished

Table legend:
 A = Non-vault XP
 B = Vault XP
 C = Vault XP percentage of total XP
 D = Non-vault monster count
 E = Vault monster count
 F = Vault count percentage of total count
                 A         B        C        D         E       F
            +---------+---------+-------+---------+---------+-------
      Total |    1028 |       0 |   0.0 |      88 |       0 |   0.0
            +---------+---------+-------+---------+---------+-------
        D:1 |      30 |       0 |   0.0 |      18 |       0 |   0.0
        D:2 |      73 |       0 |   0.0 |      20 |       0 |   0.0
        D:3 |     112 |       0 |   0.0 |      21 |       0 |   0.0
        D:4 |     344 |       0 |   0.0 |      18 |       0 |   0.0
        D:5 |     469 |       0 |   0.0 |      11 |       0 |   0.0
            +---------+---------+-------+---------+---------+-------

Illustrated notes

Table legend:
 A = Kills in this place as a percentage of kills in entire the game.
 B = Kills by you in this place as a percentage of kills by you in the entire game.
 C = Kills by friends in this place as a percentage of kills by friends in the entire game.
 D = Other kills in this place as a percentage of other kills in the entire game.
 E = Experience gained in this place as a percentage of experience gained in the entire game.
 F = Experience gained in this place divided by the number of levels of this place that you have seen.
                   A       B       C       D       E      F
               +-------+-------+-------+-------+-------+----------------------
         Total | 100.0 | 100.0 |   N/A |   N/A | 100.0 | 205.6
       Dungeon | 100.0 | 100.0 |   N/A |   N/A | 100.0 | 205.6
               +-------+-------+-------+-------+-------+----------------------

Table legend: (Time is in decaauts)
 A = Elapsed time spent in this place.
 B = Non-inter-level travel time spent in this place.
 C = Inter-level travel time spent in this place.
 D = Time resting spent in this place.
 E = Time spent auto-exploring this place.
 F = Levels seen in this place.
 G = Mean time per level.
                   A        B        C        D        E       F      G
               +--------+--------+--------+--------+--------+-----+--------+
         Total |   5098 |   4967 |    131 |     37 |   4073 |   5 | 1019.6 |
       Dungeon |   5098 |   4967 |    131 |     37 |   4073 |   5 | 1019.6 |
               +--------+--------+--------+--------+--------+-----+--------+

Top non-repeatable levels by time:
     D:3: 1158 daAuts
     D:4: 1138 daAuts
     D:2: 1070 daAuts
     D:1: 891 daAuts
     D:5: 839 daAuts
